 Dungeon Crawl Stone Soup version 0.31.0-11-ge490571c62 (webtiles) character file.

Game seed: 16649116336118011331

44 qw the Shooter (level 3, 0/20 HPs)
             Began as a Deep Elf Hunter on Feb 3, 2024.
             Slain by a goblin
             ... wielding a +0 dagger
             ... led by Robin
              (3 damage)
             ... on level 2 of the Dungeon.
             The game lasted 00:00:03 (840 turns).

qw the Shooter (Deep Elf Hunter)                     Turns: 840, Time: 00:00:03

Health: 0/20       AC:  5    Str: 10    XL:     3   Next: 41%
Magic:  0/5        EV: 11    Int: 13    God:
Gold:   70         SH:  0    Dex: 18    Spells: 2/2 levels left

rFire   . . .        a - +1 shortbow
rCold   . . .        (shield currently unavailable)
rNeg    . . .        d - +0 ring mail
rPois   .            (no helmet)
rElec   .            (no cloak)
rCorr   .            (no gloves)
SInv    .            (no boots)
Will    .....        f - amulet of guardian spirit
Stlth   +            (no ring)
HPRegen 0.23/turn    (no ring)
MPRegen 0.09/turn

%: guardian spirit
@: no status effects
A: no striking features
a: no special abilities


You were on level 2 of the Dungeon.
You visited 1 branch of the dungeon, and saw 2 of its levels.

You collected 70 gold pieces.


   Skills:
 - Level 1.5 Fighting
 + Level 7.0 Ranged Weapons
 - Level 2.4 Dodging
 - Level 1.2 Stealth


You had 2 spell levels left.
You didn't know any spells.
Your spell library was empty.

Inventory:

Hand Weapons
 a - a +1 shortbow (weapon)
Armour
 d - a +0 ring mail (worn)
Jewellery
 f - an amulet of guardian spirit (around neck)
Potions
 b - a potion of degeneration {unknown}
 h - a potion of heal wounds {unknown}

Dungeon Overview and Level Annotations

Branches:
Dungeon (2/15)

Altars:


Message History

You kill the goblin!
The goblin hits you but does no damage.
Robin laughs in a distinctly smug fashion.
The goblin hits you but does no damage. Robin throws the goblin at you!
You shoot an arrow. The arrow hits Robin.
Robin is lightly wounded.
The goblin misses you. Robin barely misses you.
You shoot an arrow. The arrow hits Robin.
Robin is heavily wounded.
The hobgoblin hits you. Robin hits you but does no damage.
The goblin closely misses you.
You shoot an arrow.
The arrow hits Robin but does no damage.
Robin is heavily wounded.
A bat comes into view.
The hobgoblin barely misses you. The goblin misses you.
Robin hits you with a +0 club.
You shoot an arrow. The arrow hits Robin!
You kill Robin!
The hobgoblin hits you. The goblin hits you but does no damage.
You shoot an arrow.
The arrow hits the hobgoblin but does no damage.
The hobgoblin barely misses you. The hobgoblin hits you.
The goblin barely misses you. The hobgoblin hits you. x2
You shoot an arrow. The arrow hits the hobgoblin.
You kill the hobgoblin!
The bat closely misses you. The goblin hits you but does no damage.
The bat closely misses you. The hobgoblin barely misses you.
The goblin closely misses you.
Your Ranged Weapons skill increases to level 7!
You shoot an arrow. The arrow hits the bat.
You kill the bat!
The hobgoblin barely misses you. The goblin hits you with a +0 dagger.
You shoot an arrow. The arrow closely misses the hobgoblin.
The hobgoblin barely misses you. The hobgoblin hits you.
The goblin barely misses you.
You shoot an arrow. The arrow hits the hobgoblin!
You kill the hobgoblin!
The hobgoblin hits you. The goblin hits you with a +0 dagger.
You die...

###. .g ...#.#
...#.# ..#.# #.#.##
#....# #g...# #gg# #
##@### .. ##
##g...###..#.
###...........
#...#.....##.#
###.....##..##.###.#
.....##.##.........#
............<..)...#
.###.......##.#.....
...........# ... ...


You could see 2 hobgoblins and 2 goblins.

Vanquished Creatures
  Robin (D:2)
  A dart slug (D:1)
  2 endoplasms
  9 goblins
  4 hobgoblins
  5 kobolds
  2 ball pythons
  3 bats
  2 frilled lizards (D:1)
  5 rats (D:1)
34 creatures vanquished.

Notes
Turn   | Place    | Note
-------+----------+-------------------------------------------
     0 | D:1      | qw the Deep Elf Hunter began the quest for the Orb.
     0 | D:1      | Reached XP level 1. HP: 12/12 MP: 3/3
     0 | D:1      | 0 ||| qw: Version: 0.3-a-158-g18b3111
     0 | D:1      | 0 ||| qw: Game counter: 4181
     0 | D:1      | 0 ||| qw: Melee chars always use a shield: true
     0 | D:1      | 0 ||| qw: God list: Okawaru
     0 | D:1      | 0 ||| qw: Allow faded altars: false
     0 | D:1      | 0 ||| qw: Do Orc after clearing Dungeon:15 true
     0 | D:1      | 0 ||| qw: Do second Lair branch before Depths: true
     0 | D:1      | 0 ||| qw: Lair rune preference: random
     0 | D:1      | 0 ||| qw: Goals: Normal
     0 | D:1      | 0 ||| PLANNING D:1-11
   245 | D:1      | Reached skill level 6 in Ranged Weapons
   245 | D:1      | Reached XP level 2. HP: 16/16 MP: 4/4
   734 | D:1      | 734 ||| UPGRADING to +0 ring mail.
   744 | D:1      | 744 ||| DROPPING +0 leather armour.
   745 | D:1      | 745 ||| UPGRADING to amulet of guardian spirit.
   750 | D:1      | 750 ||| READING scroll labelled VURESO EPACEG.
   750 | D:1      | 750 ||| ENCHANTING +0 shortbow.
   751 | D:1      | 751 ||| READING scroll labelled NOMEERCH EFEI.
   752 | D:1      | 752 ||| DROPPING scroll of butterflies.
   790 | D:2      | 790 ||| STAIRDANCE
   795 | D:2      | 795 ||| STAIRDANCE
   821 | D:2      | Noticed Robin
   823 | D:2      | 823 ||| RETREEEEATING.
   827 | D:2      | Reached XP level 3. HP: 19/20 MP: 5/5
   835 | D:2      | Killed Robin
   838 | D:2      | Reached skill level 7 in Ranged Weapons
   840 | D:2      | HP: 3/20 [hobgoblin[Robin] (3)]
   840 | D:2      | Slain by a goblin

Levels and vault maps discovered:
D:1:      dpeg_arrival_round_b, layout_basic
D:2:      layout_rooms, basic_altar, uniq_robin

Skill      XL: |  1  2  3 |
---------------+----------+-----
Ranged Weapons | 6 7 |  7.0
Fighting       | |  1.5
Dodging        | |  2.4
Stealth        | |  1.2

Action                     || total
---------------------------++-------
   Fire: Shortbow          ||    62
    Use: Scroll            ||     2
 Armour: Ring mail         ||    30
         Leather armour    ||     1
  Dodge: Dodged            ||    21

Table legend:
 A = Non-vault XP
 B = Vault XP
 C = Vault XP percentage of total XP
 D = Non-vault monster count
 E = Vault monster count
 F = Vault count percentage of total count
                 A         B        C        D         E       F
            +---------+---------+-------+---------+---------+-------
      Total |      40 |      26 |  39.4 |      27 |       7 |  20.6
            +---------+---------+-------+---------+---------+-------
        D:1 |      35 |       0 |   0.0 |      23 |       0 |   0.0
        D:2 |       5 |      26 |  83.9 |       4 |       7 |  63.6
            +---------+---------+-------+---------+---------+-------
